 Dungeon Crawl Stone Soup version 0.30-a0-634-g8abc85282e (webtiles) character file.

Game seed: 9244464768495200092

71 Leeroy the Slasher (level 4, -2/26 HPs)
             Began as a Tengu Warper on Jan 14, 2023.
             Killed from afar by an orc wizard (10 damage)
             ... with a magic dart
             ... on level 3 of the Dungeon.
             The game lasted 00:01:18 (1639 turns).

Leeroy the Slasher (Tengu Warper)                   Turns: 1639, Time: 00:01:19

Health: -2/26      AC:  5    Str: 12    XL:     4   Next: 24%
Magic:  8/8        EV: 12    Int: 13    God:
Gold:   86         SH:  0    Dex: 15    Spells: 5/7 levels left

rFire   . . .      SeeInvis .    a - +0 falchion
rCold   . . .      Faith    .    (no shield)
rNeg    . . .      Spirit   .    b - +0 leather armour
rPois   .          Reflect  .    (helmet restricted)
rElec   .          Harm     .    k - +0 cloak
rCorr   .          Rampage  .    l - +0 pair of gloves
Will    .....                    (boots unavailable)
Stlth   +                        (no amulet)
HPRegen 0.24/turn                (no ring)
MPRegen 0.11/turn                (no ring)

@: no status effects
A: beak, talons 3
a: no special abilities


You were on level 3 of the Dungeon.
You visited 1 branch of the dungeon, and saw 3 of its levels.

You collected 86 gold pieces.

Inventory:

Hand Weapons
 a - a +0 falchion (weapon)
Missiles
 d - 7 boomerangs of dispersal (quivered)
Armour
 b - a +0 leather armour (worn)
 k - a +0 cloak (worn)
 l - a +0 pair of gloves (worn)
Scrolls
 c - a scroll of blinking
 e - a scroll of immolation {unknown}
 f - 2 scrolls of torment {unknown}
 h - a scroll of identify {unknown}
 i - a scroll of noise {unknown}
 j - a scroll of enchant armour {unknown}
Potions
 g - 2 potions of heal wounds {unknown}
 m - a potion of degeneration {unknown}


   Skills:
 - Level 2.0 Fighting
 + Level 4.8 Long Blades
 - Level 1.0 Throwing
 - Level 1.1 Armour
 - Level 2.1 Dodging
 - Level 2.0 Spellcasting
 - Level 2.4 Translocations


You had 5 spell levels left.
You knew the following spells:

 Your Spells              Type           Power      Damage    Failure   Level
a - Blink                 Tloc           14%        N/A       19%         2

Your spell library contained the following spells:

 Spells                   Type           Power      Damage    Failure   Level
 Lesser Beckoning         Tloc           14%        N/A       36%         3
 Teleport Other           Tloc           7%         N/A       36%         3
 Vhi's Electric Charge    Tloc/Air       8%         N/A       52%         3
 Manifold Assault         Tloc           7%         N/A       77%         4


Dungeon Overview and Level Annotations

Branches:
Dungeon (3/15)

Altars:
Ashenzari


Innate Abilities, Weirdness & Mutations

You have a beak for a mouth.
You have claws for feet.


Message History

You kill the orc!
Something hits you but does no damage.
You slash something! Your kick misses something. Your peck misses something.
Something hits you but does no damage.
You slash the orc!
You kill the orc!
Something hits you.
No target in view!
No target in view!
No target in view!
No target in view!
No target in view!
No target in view!
Something hits you. Something hits you but does no damage.
No target in view!
Something hits you.
You see here a +0 short sword.
You barely miss something. Your peck misses something.
You hear some strange, mumbled words.
A magic dart appears from out of thin air!
The magic dart hits you!
You miss something. Your peck misses something.
Something hits you but does no damage.
You closely miss something. Your kick misses something.
Your peck misses something. Something hits you but does no damage.
You hit something. Your kick misses something.
You hear some strange, mumbled words.
A puff of flame appears from out of thin air!
The puff of flame hits you!
You miss something. Something hits you but does no damage.
You closely miss something. Your kick misses something.
Your peck misses something. Something hits you.
* * * LOW HITPOINT WARNING * * *
You closely miss something. Your kick misses something.
Your peck misses something.
You hear some strange, mumbled words.
A magic dart appears from out of thin air!
The magic dart hits you!
You die...

## ..# #.# ##.##
...# #..# ####
#..# ..# #{@# #
#.# #..#
#.##.#####.)#
#......).#..#
####.##..)..#
#.#......#
#.#.....##
##.#.#.#.#
#######..†.....#


There were no monsters in sight!

Vanquished Creatures
  2 adders (D:2)
  3 orcs (D:3)
  5 bats
  3 endoplasms
  A giant cockroach (D:3)
  4 goblins
  6 hobgoblins
  7 jackals (D:1)
  5 quokkas
  A frilled lizard (D:1)
  3 kobolds (D:2)
  A rat (D:2)
41 creatures vanquished.

Notes
Turn   | Place    | Note
-------+----------+-------------------------------------------
     0 | D:1      | Leeroy the Tengu Warper began the quest for the Orb.
     0 | D:1      | Reached XP level 1. HP: 12/12 MP: 4/4
   246 | D:1      | Reached XP level 2. HP: 17/17 MP: 6/6
   254 | D:1      | Reached skill level 3 in Long Blades
   257 | D:1      | Learned a level 2 spell: Blink
   531 | D:1      | Reached XP level 3. HP: 18/21 MP: 7/7
  1038 | D:2      | Found a faded altar of an unknown god.
  1071 | D:2      | Found a broken altar of Ashenzari.
  1082 | D:2      | Reached skill level 4 in Long Blades
  1340 | D:2      | Reached XP level 4. HP: 26/26 MP: 8/8
  1639 | D:3      | Killed from afar by an orc wizard

Illustrated notes

Levels and vault maps discovered:
D:1:      tarquinn_simple_flora_water_c, layout_loops_corners
D:2:      layout_basic, basic_altar, ebering_ecumenical_altar_hall
D:3:      layout_loops_ring

Skill      XL: |  1  2  3 |
---------------+----------+-----
Long Blades    | 3 4 |  4.8
Fighting       | |  2.0
Throwing       | |  1.0
Armour         | |  1.1
Dodging        | |  2.1
Spellcasting   | |  2.0
Translocations | |  2.4

Action                   |  1- 3 |  4- 6 || total
-------------------------+-------+-------++-------
Melee: Falchion          |    80 |    21 ||   101
       Peck              |    11 |     2 ||    13
       Kick              |    14 |     2 ||    16
 Stab: Sleeping          |     1 |       ||     1
Armor: Leather armour    |    32 |     8 ||    40
Dodge: Dodged            |    48 |     5 ||    53

Table legend: (Time is in decaauts)
 A = Elapsed time spent in this place.
 B = Non-inter-level travel time spent in this place.
 C = Inter-level travel time spent in this place.
 D = Time resting spent in this place.
 E = Time spent auto-exploring this place.
 F = Levels seen in this place.
 G = Mean time per level.
                   A        B        C        D        E       F      G
               +--------+--------+--------+--------+--------+-----+--------+
         Total |   1650 |   1609 |     41 |      0 |   1319 |   3 |  550.0 |
       Dungeon |   1650 |   1609 |     41 |      0 |   1319 |   3 |  550.0 |
               +--------+--------+--------+--------+--------+-----+--------+

Top non-repeatable levels by time:
     D:1: 956 daAuts
     D:2: 648 daAuts
     D:3: 45 daAuts
